[Event "Titled Tuesday Blitz July 4 Early 2023"]
[White "Quintiliano Pinto, Renato R."]
[Black "Begunov, Konstantin"]
[WhiteFideId "2117568"]
[BlackFideId "4118510"]
[WhiteElo "2691"]
[BlackElo "2470"]
[Result "1-0"]
[Round "7"]
[TimeControl "180+2"]
[Date "2023.07.04"]
[WhiteClock "0:00:11"]
[BlackClock "0:00:09"]
[Board "55"]

1. e4 c5 2. Nf3 d6 3. Bb5+ Bd7 4. Bxd7+ Qxd7 5. O-O Nf6 6. Qe2 Nc6 7. Rd1 e6 8. c3 Be7 9. d4 cxd4 10. cxd4 d5 11. e5 Ne4 12. Nc3 Nxc3 13. bxc3 O-O 14. h4 Rac8 15. h5 h6 16. Bd2 Na5 17. Ne1 Nc4 18. Bf4 Rc6 19. Qg4 f5 20. exf6 Rxf6 21. Nd3 Bf8 22. Re1 Qf7 23. Bg3 Rf5 24. Nf4 Bd6 25. Ng6 Rg5 26. Qxe6 Qxe6 27. Rxe6 Bxg3 28. Re8+ Kf7 29. Rf8+ Ke6 30. Re1+ Be5 31. f4 Rxh5 32. fxe5 Rg5 33. Nf4+ Kd7 34. e6+ Ke7 35. Rf7+ Ke8 36. Rxb7 Nd6 37. Rxa7 Ne4 38. e7 Rf5 39. Nxd5 Nxc3 40. Ra8+ Kd7 41. e8=Q+ Kd6 42. Rd8# 1-0


[Site "https://www.chess.com"]

[Event "Titled Tuesday Blitz July 4 Early 2023"]
[White "Fromm, Marius"]
[Black "Kopczynski, Michal"]
[WhiteFideId "12993190"]
[BlackFideId "1124200"]
[WhiteElo "2691"]
[BlackElo "2465"]
[Result "1-0"]
[Round "7"]
[TimeControl "180+2"]
[Date "2023.07.04"]
[WhiteClock "0:01:18"]
[BlackClock "0:01:39"]
[Board "56"]

1. e4 c5 2. Nf3 d6 3. d4 cxd4 4. Nxd4 Nf6 5. Nc3 g6 6. Be3 Bg7 7. f3 O-O 8. Qd2 Nc6 9. O-O-O d5 10. exd5 Nxd5 11. Nxc6 bxc6 12. Bd4 e5 13. Bc5 Be6 14. Ne4 h6 15. h4 f5 16. Nc3 Re8 17. Bc4 Nc7 18. Qxd8 Raxd8 19. Rxd8 Rxd8 20. Bxe6+ Nxe6 21. Bxa7 c5 22. a4 Bf6 23. Bb6 Ra8 24. a5 Nd4 25. Kd2 Kf7 26. Nd5 Bd8 27. Bxc5 Rxa5 28. b4 Ra2 29. Bxd4 exd4 30. Kd3 Ke6 31. Nf4+ Kf7 32. Ne2 Rb2 33. Nxd4 Rxb4 34. Nc6 Rxh4 35. Nxd8+ Ke7 36. Rxh4 1-0


[Site "https://www.chess.com"]

[Event "Titled Tuesday Blitz July 4 Early 2023"]
[White "Disconzi da Silva, Rodrigo"]
[Black "Amilal Munkhdalai"]
[WhiteFideId "2100991"]
[BlackFideId "4903250"]
[WhiteElo "2459"]
[BlackElo "2690"]
[Result "0-1"]
[Round "7"]
[TimeControl "180+2"]
[Date "2023.07.04"]
[WhiteClock "0:00:15"]
[BlackClock "0:00:17"]
[Board "57"]

1. d4 Nf6 2. c4 e6 3. Nc3 Bb4 4. Nf3 b6 5. Bg5 Bb7 6. Nd2 h6 7. Bh4 c5 8. d5 Bxc3 9. bxc3 exd5 10. cxd5 g5 11. Bg3 Bxd5 12. Bd6 Nc6 13. Qc2 Ne7 14. e4 Be6 15. h4 Nc8 16. Be5 d6 17. Bb5+ Kf8 18. Bg3 Kg7 19. O-O-O a6 20. Bc4 Nh5 21. Bxe6 Nxg3 22. fxg3 fxe6 23. Nc4 Qe7 24. Qd2 Rd8 25. hxg5 Qxg5 26. Qxg5+ hxg5 27. Rh5 b5 28. Ne3 Ne7 29. Rxg5+ Ng6 30. Nf5+ Kf6 31. Rxg6+ Kxg6 32. Nxd6 e5 33. Rd5 Rd7 34. g4 Rad8 35. Nf5 Rxd5 36. exd5 Kg5 37. Ne3 Kf4 38. Kd2 e4 39. g3+ Kxg3 40. g5 Kf4 41. g6 Rg8 42. d6 Rxg6 43. Nd5+ Ke5 44. d7 Rd6 45. c4 bxc4 46. Kc3 Rxd5 47. d8=Q Rxd8 48. Kxc4 e3 0-1


[Site "https://www.chess.com"]

[Event "Titled Tuesday Blitz July 4 Early 2023"]
[White "Petrosian, Karlen"]
[Black "Zia, Tahsin Tajwar"]
[WhiteFideId "4176146"]
[BlackFideId "10211888"]
[WhiteElo "2687"]
[BlackElo "2433"]
[Result "0-1"]
[Round "7"]
[TimeControl "180+2"]
[Date "2023.07.04"]
[WhiteClock "0:00:00"]
[BlackClock "0:00:04"]
[Board "58"]

1. e4 c6 2. Nf3 d5 3. d3 g6 4. Be2 Bg7 5. O-O Bg4 6. h3 Bxf3 7. Bxf3 e6 8. c3 Nd7 9. d4 Ne7 10. Bg5 h6 11. Bd2 Qb6 12. Qc1 dxe4 13. Bxe4 c5 14. dxc5 Nxc5 15. Bc2 Rd8 16. Be3 Qc7 17. Rd1 Rxd1+ 18. Qxd1 O-O 19. Na3 Nd5 20. Bd2 Rd8 21. Qc1 Kh7 22. Nb5 Qb6 23. Nd4 Nd7 24. Nf3 a5 25. Rb1 f5 26. a3 e5 27. c4 N5f6 28. b4 e4 29. c5 Qa6 30. Nd4 Qc4 31. Nb3 axb4 32. axb4 Ne5 33. Na5 Qe2 34. Be3 Nd5 35. Qd1 Qa6 36. Bb3 Nd3 37. Bc4 Qa8 38. Qb3 Nc3 39. Rf1 f4 40. Bxd3 Rxd3 41. Qe6 fxe3 42. fxe3 Ne2+ 43. Kh1 Ng3+ 44. Kg1 Nxf1 45. Kxf1 Qf8+ 46. Kg1 Rd1+ 47. Kh2 Qf2 48. Qxe4 Qg1+ 49. Kg3 Re1 50. Nc4 Re2 51. b5 Qf2+ 52. Kh2 Rc2 53. c6 Rxc4 54. Qxc4 Be5+ 0-1


[Site "https://www.chess.com"]

[Event "Titled Tuesday Blitz July 4 Early 2023"]
[White "Glavina, Pablo"]
[Black "Velikanov, Alexander"]
[WhiteFideId "100234"]
[BlackFideId "2039290"]
[WhiteElo "2398"]
[BlackElo "2674"]
[Result "0-1"]
[Round "7"]
[TimeControl "180+2"]
[Date "2023.07.04"]
[WhiteClock "0:00:00"]
[BlackClock "0:00:45"]
[Board "59"]

1. c4 e5 2. Nc3 Nc6 3. Nf3 f5 4. g3 Bb4 5. Bg2 Bxc3 6. bxc3 Nf6 7. O-O d6 8. Ba3 O-O 9. c5 d5 10. Rb1 e4 11. Nd4 Ne5 12. c6 bxc6 13. Bxf8 Qxf8 14. Qa4 c5 15. Nb3 Be6 16. Qa5 Ned7 17. Qxc7 a5 18. Nxa5 Ne8 19. Qc6 Rxa5 20. Qxe6+ Qf7 21. Qxf7+ Kxf7 22. Rb2 Nd6 23. d3 c4 24. Rd1 Ke6 25. f3 Nc5 26. fxe4 fxe4 27. Bh3+ Ke7 28. dxc4 Nxc4 29. Rb8 Ne3 30. Ra1 Na4 31. Rb7+ Kf6 32. Kf2 Nc4 33. Rf1 Nxc3 34. Ke1+ Ke5 35. Rff7 Rxa2 36. Bg4 Ne3 37. Bh5 g6 38. Rfe7+ Kd4 39. Rb4+ Kc5 40. Rb3 Kc4 0-1


[Site "https://www.chess.com"]

[Event "Titled Tuesday Blitz July 4 Early 2023"]
[White "Chyngyz, Sultai"]
[Black "Koellner, Ruben Gideon"]
[WhiteFideId "13803158"]
[BlackFideId "12993093"]
[WhiteElo "2377"]
[BlackElo "2668"]
[Result "1-0"]
[Round "7"]
[TimeControl "180+2"]
[Date "2023.07.04"]
[WhiteClock "0:00:22"]
[BlackClock "0:00:03"]
[Board "60"]

1. e4 d6 2. d4 Nf6 3. Bd3 e5 4. c3 Nbd7 5. Nf3 d5 6. Nbd2 exd4 7. cxd4 dxe4 8. Nxe4 Nxe4 9. Bxe4 Bb4+ 10. Bd2 Qe7 11. O-O Bxd2 12. Qxd2 O-O 13. Rfe1 Qd6 14. Rad1 Nf6 15. Bc2 Bg4 16. Qd3 Rad8 17. Rd2 Bxf3 18. Qxf3 Qb4 19. Qc3 Qb6 20. Red1 Rd6 21. Qa3 Rfd8 22. Qe3 g6 23. Bb3 Kg7 24. h4 Qb4 25. a3 Qb5 26. Rd3 c5 27. Qe5 a6 28. a4 Qb4 29. Rf3 cxd4 30. g4 Re8 31. Qg3 Re7 32. h5 Qc5 33. Qf4 h6 34. hxg6 fxg6 35. Rg3 Qe5 36. Qf3 Ne4 37. Re1 Rf6 38. Qd3 Rf4 39. Bc2 Qf6 40. Rg2 Ng5 41. Rxe7+ Qxe7 42. Qxg6+ Kf8 43. Qxh6+ Qg7 44. Qd6+ Kg8 45. Bb3+ Kh7 46. Rh2+ Nh3+ 47. Rxh3+ Qh6 48. Qxh6# 1-0


[Site "https://www.chess.com"]

[Event "Titled Tuesday Blitz July 4 Early 2023"]
[White "Prieto Aranguren, Alain"]
[Black "Souleidis, Georgios"]
[WhiteFideId "2268906"]
[BlackFideId "4206827"]
[WhiteElo "2362"]
[BlackElo "2648"]
[Result "1/2-1/2"]
[Round "7"]
[TimeControl "180+2"]
[Date "2023.07.04"]
[WhiteClock "0:00:27"]
[BlackClock "0:00:07"]
[Board "61"]

1. d4 Nf6 2. c4 g6 3. Nc3 Bg7 4. e4 d6 5. Be2 O-O 6. Nf3 e5 7. dxe5 dxe5 8. Qxd8 Rxd8 9. Bg5 c6 10. O-O Re8 11. Rad1 Na6 12. Nd2 Nc5 13. Be3 Ne6 14. c5 Nd7 15. b4 a5 16. a3 axb4 17. axb4 Nd4 18. Nc4 Nf8 19. Nd6 Rd8 20. Bc4 Be6 21. Bxe6 Nfxe6 22. Ra1 Rab8 23. Ra7 Rd7 24. Rfa1 Bf8 25. Nc4 f6 26. Ra8 Rdd8 27. Rxb8 Rxb8 28. Ra7 Nc2 29. Nd6 Bxd6 30. cxd6 Nxb4 31. Bb6 Kf8 32. d7 Nd3 33. Bc7 Nxc7 34. Rxb7 Ra8 35. d8=Q+ Rxd8 36. Rxc7 Nf4 37. Rxc6 Rd2 38. Rxf6+ Kg7 39. Rxf4 exf4 40. f3 g5 41. Nd5 h6 42. h3 Ra2 43. Kh2 Kg6 44. Ne7+ Kf6 45. Nf5 h5 46. Nd6 Ke5 47. Nf5 Kf6 48. Nd6 Ke5 49. Nf5 Kf6 1/2-1/2


[Site "https://www.chess.com"]

[Event "Titled Tuesday Blitz July 4 Early 2023"]
[White "Heinemann, Josefine"]
[Black "Slovineanu, Viacheslav"]
[WhiteFideId "12900460"]
[BlackFideId "13900510"]
[WhiteElo "2483"]
[BlackElo "2337"]
[Result "1/2-1/2"]
[Round "7"]
[TimeControl "180+2"]
[Date "2023.07.04"]
[WhiteClock "0:01:16"]
[BlackClock "0:00:08"]
[Board "62"]

1. d4 Nf6 2. c4 e6 3. Nf3 c5 4. g3 cxd4 5. Nxd4 d5 6. Bg2 e5 7. Nb3 d4 8. O-O Nc6 9. c5 Be7 10. N1d2 O-O 11. Nc4 Qc7 12. e3 Be6 13. Qe2 Rad8 14. exd4 exd4 15. Bf4 Qc8 16. Nd6 Qa8 17. Bxc6 bxc6 18. Nxd4 Bxd6 19. Bxd6 Rfe8 20. Nxe6 Rxe6 21. Qf3 Ne4 22. Rfd1 Nxd6 23. cxd6 Rexd6 24. Rxd6 Rxd6 25. Rc1 g6 26. h4 h5 27. Kg2 Qe8 28. Rc2 Qe6 29. b3 Kg7 30. Re2 Qd5 31. Re7 a5 32. Qxd5 cxd5 33. Kf3 a4 34. Rb7 axb3 35. axb3 Kf6 36. Ke3 Ke6 37. Kd4 Ra6 38. b4 f6 39. Rg7 Ra4 40. Kc5 d4 41. Kxd4 Rxb4+ 42. Kc3 Ra4 43. Rxg6 Kf5 44. Rg8 Ra2 45. f3 Rf2 46. Kd3 Rxf3+ 47. Ke2 Ra3 48. Kf2 Ra2+ 49. Kf3 Ra3+ 50. Kg2 Ra2+ 51. Kh3 Rb2 52. Rg7 Ra2 53. Rg8 Rb2 54. Ra8 Rc2 55. Ra3 Rb2 56. Rf3+ Kg6 57. g4 hxg4+ 58. Kxg4 Rb4+ 59. Kg3 f5 60. Rf4 Rb3+ 61. Rf3 Rxf3+ 62. Kxf3 Kh5 63. Kf4 Kxh4 64. Kxf5 1/2-1/2


[Site "https://www.chess.com"]

[Event "Titled Tuesday Blitz July 4 Early 2023"]
[White "Perez Candelario, Manuel"]
[Black "Makarian, Rudik"]
[WhiteFideId "2210622"]
[BlackFideId "44105681"]
[WhiteElo "2581"]
[BlackElo "2972"]
[Result "1/2-1/2"]
[Round "7"]
[TimeControl "180+2"]
[Date "2023.07.04"]
[WhiteClock "0:00:08"]
[BlackClock "0:00:12"]
[Board "63"]

1. e4 e5 2. Nf3 Nc6 3. d4 exd4 4. Nxd4 Qf6 5. Nb5 Bc5 6. Qe2 Kd8 7. N1c3 Nge7 8. Be3 Bxe3 9. Qxe3 a6 10. Na3 Qd4 11. Qxd4 Nxd4 12. O-O-O Ne6 13. Nc4 b5 14. Ne3 Bb7 15. f3 f6 16. Rd2 d6 17. Be2 Kd7 18. Rhd1 Rad8 19. b4 Nc6 20. a3 Kc8 21. Ncd5 Ne5 22. c4 c6 23. Ne7+ Kc7 24. N7f5 Nf7 25. Kb2 g6 26. Nd4 Nxd4 27. Rxd4 h5 28. h4 Rd7 29. c5 Rhd8 30. cxd6+ Rxd6 31. Kc3 Rxd4 32. Rxd4 Rxd4 33. Kxd4 Nd8 34. g4 Ne6+ 35. Kc3 Nf4 36. Bd1 Bc8 37. gxh5 gxh5 38. Kd4 Kd6 39. Bb3 Ng6 40. Bf7 Nxh4 41. Bxh5 Be6 42. f4 Ba2 43. e5+ fxe5+ 44. fxe5+ Kc7 45. Kc5 Be6 46. Kd4 Kb6 47. Bg4 Ba2 48. e6 Ng6 49. Bf5 Ne7 50. Ke5 c5 51. Kd6 cxb4 52. axb4 Nxf5+ 53. Nxf5 a5 54. bxa5+ Kxa5 55. e7 Bf7 56. Kd7 b4 57. Nd4 Kb6 58. e8=Q Bxe8+ 59. Kxe8 Kc5 60. Nb3+ Kc4 61. Na5+ Kb5 62. Nb3 Ka4 63. Nd4 Ka3 64. Nc2+ Ka2 65. Nxb4+ 1/2-1/2


[Site "https://www.chess.com"]

[Event "Titled Tuesday Blitz July 4 Early 2023"]
[White "Kim, Sergey"]
[Black "Shimanov, Aleksandr"]
[WhiteFideId "13700570"]
[BlackFideId "4198603"]
[WhiteElo "2577"]
[BlackElo "2901"]
[Result "0-1"]
[Round "7"]
[TimeControl "180+2"]
[Date "2023.07.04"]
[WhiteClock "0:00:47"]
[BlackClock "0:01:15"]
[Board "64"]

1. d4 d5 2. c4 e5 3. e3 Nc6 4. cxd5 Qxd5 5. Nc3 Bb4 6. Bd2 Bxc3 7. bxc3 Nf6 8. Qb3 Qd6 9. Bb5 O-O 10. Nf3 e4 11. Bxc6 bxc6 12. Ne5 Ng4 13. Nxg4 Bxg4 14. Qb4 Qg6 15. Rb1 h5 16. c4 Be6 17. Rg1 h4 18. Rb3 h3 19. g3 Qg4 20. Qc5 Qf3 21. Qxc6 Bg4 0-1


[Site "https://www.chess.com"]

[Event "Titled Tuesday Blitz July 4 Early 2023"]
[White "Zhigalko, Sergei"]
[Black "Golubev, Mikhail"]
[WhiteFideId "13502956"]
[BlackFideId "14100983"]
[WhiteElo "2885"]
[BlackElo "2565"]
[Result "1-0"]
[Round "7"]
[TimeControl "180+2"]
[Date "2023.07.04"]
[WhiteClock "0:01:22"]
[BlackClock "0:00:00"]
[Board "65"]

1. e4 c5 2. Nf3 d6 3. d4 cxd4 4. Qxd4 Nc6 5. Bb5 Bd7 6. Bxc6 Bxc6 7. Nc3 Nf6 8. Bg5 e6 9. O-O-O Be7 10. Rhe1 O-O 11. Kb1 Qc7 12. Qd2 b5 13. Nd4 a6 14. f3 Rfc8 15. g4 Be8 16. Nce2 a5 17. Ng3 b4 18. Rg1 Rab8 19. Nh5 Qd8 20. h4 Rc5 21. Nb3 Rcb5 22. Nd4 Rc5 23. Nxg7 Kxg7 24. Nf5+ exf5 25. gxf5 Kh8 26. Qg2 Ba4 27. Bh6 Bxc2+ 28. Ka1 Nh5 29. Bg7+ Kg8 30. Bf6+ 1-0


[Site "https://www.chess.com"]

[Event "Titled Tuesday Blitz July 4 Early 2023"]
[White "Aggelis, Nikolaos"]
[Black "Mikhailovsky, Vladimir"]
[WhiteFideId "4213220"]
[BlackFideId "34105414"]
[WhiteElo "2561"]
[BlackElo "2808"]
[Result "0-1"]
[Round "7"]
[TimeControl "180+2"]
[Date "2023.07.04"]
[WhiteClock "0:00:12"]
[BlackClock "0:00:13"]
[Board "66"]

1. c4 e6 2. g3 h5 3. Nf3 g5 4. Nd4 Bg7 5. Nc2 h4 6. Bg2 h3 7. Bf3 d5 8. cxd5 exd5 9. e3 Nf6 10. d4 c6 11. O-O Bf5 12. Nc3 Nbd7 13. Re1 O-O 14. a4 Re8 15. b4 g4 16. Bh1 Nf8 17. Bd2 Qd7 18. b5 Ne4 19. bxc6 bxc6 20. Nxe4 Bxe4 21. Bxe4 Rxe4 22. f3 gxf3 23. Qxf3 Nh7 24. Rf1 c5 25. Bc3 Rae8 26. Rae1 Ng5 27. Qf5 Qxa4 28. Re2 Qc4 29. Ref2 Qxc3 30. Qxg5 cxd4 31. Rxf7 dxe3 32. Qxd5 Qe5 33. Rf8+ Kh7 34. Qxe5 R8xe5 35. R8f7 Kg6 36. R7f4 e2 37. Re1 Rxf4 38. gxf4 Re4 39. Kf2 Rxf4+ 40. Kxe2 Rg4 41. Kf3 Rg2 42. Re2 Rxe2 43. Kxe2 Be5 44. Kf3 Bxh2 45. Kg4 Be5 46. Kxh3 Kf5 47. Kg2 Ke4 48. Nb4 Bd6 49. Na6 Kd5 50. Kf3 Kc6 51. Ke4 Kb6 52. Kd5 Kxa6 53. Kxd6 Kb5 54. Kd5 Kb4 55. Kd4 a5 56. Kd3 Kb3 57. Kd2 Kb2 58. Kd1 a4 59. Kd2 a3 60. Kd1 a2 61. Kd2 a1=Q 0-1


[Site "https://www.chess.com"]

[Event "Titled Tuesday Blitz July 4 Early 2023"]
[White "Parpiev, Isaak"]
[Black "Gorovets, Andrey"]
[WhiteFideId "34281576"]
[BlackFideId "13504037"]
[WhiteElo "2561"]
[BlackElo "2757"]
[Result "0-1"]
[Round "7"]
[TimeControl "180+2"]
[Date "2023.07.04"]
[WhiteClock "0:00:00"]
[BlackClock "0:00:47"]
[Board "67"]

1. d4 Nf6 2. c4 e6 3. Nc3 Bb4 4. e3 O-O 5. Bd3 d5 6. cxd5 exd5 7. a3 Bd6 8. Qc2 c6 9. Nge2 Re8 10. Bd2 Na6 11. b4 Nc7 12. f3 a5 13. bxa5 c5 14. dxc5 Bxc5 15. Nb5 Ne6 16. O-O Bd7 17. Nbd4 Bd6 18. Nxe6 fxe6 19. Bb4 Bc7 20. e4 dxe4 21. Bxe4 Nxe4 22. Qxe4 Bc6 23. Qg4 Bxa5 24. Rfd1 Qb6+ 25. Kh1 Bxb4 26. axb4 Rxa1 27. Rxa1 Qe3 28. Nf4 Qd4 29. Rb1 e5 30. Ne2 Qd3 31. Re1 e4 32. fxe4 Rxe4 33. Qc8+ Re8 34. Qg4 Qd2 35. Qc4+ Kh8 36. Rf1 Bxg2+ 37. Kxg2 Rxe2+ 38. Kg1 Rg2+ 39. Kh1 Rxh2+ 0-1


[Site "https://www.chess.com"]

[Event "Titled Tuesday Blitz July 4 Early 2023"]
[White "lagarto93"]
[Black "Dvirnyy, Danyyil"]
[BlackFideId "817570"]
[WhiteElo "2545"]
[BlackElo "2753"]
[Result "0-1"]
[Round "7"]
[TimeControl "180+2"]
[Date "2023.07.04"]
[WhiteClock "0:00:19"]
[BlackClock "0:00:30"]
[Board "68"]

1. e4 d6 2. d4 Nf6 3. Nc3 e5 4. Nf3 Nbd7 5. Bc4 Be7 6. O-O O-O 7. a4 c6 8. Ba2 h6 9. Re1 Re8 10. h3 Bf8 11. dxe5 dxe5 12. Qe2 Bc5 13. Be3 Qa5 14. Qc4 Re7 15. Rad1 Bxe3 16. Rxe3 Nf8 17. b4 Qc7 18. Qc5 b6 19. Qd6 Qxd6 20. Rxd6 Bd7 21. Red3 Rc8 22. Bc4 Ne8 23. Ba6 Nxd6 24. Rxd6 Rc7 25. Ne2 Bc8 26. Bxc8 Rxc8 27. Rd3 f6 28. Ng3 Rd7 29. Rc3 Ne6 30. Kf1 Kf7 31. Nf5 h5 32. Ne3 Nd4 33. Nh4 g6 34. g3 Rcd8 35. Kg2 Rc8 36. Kf1 Rdc7 37. Kg2 Ra8 38. Nd5 Rcc8 39. Ne3 a5 40. bxa5 b5 41. axb5 cxb5 42. Rd3 Rxa5 43. c3 Ra3 44. Nd5 Ne2 45. Nb6 Rc7 46. Rd6 Nxc3 47. g4 hxg4 48. hxg4 Nxe4 49. Rd8 Ra2 50. Kf3 Rc3+ 51. Kxe4 Re2+ 52. Kd5 Rd2+ 53. Ke4 Rxd8 0-1


[Site "https://www.chess.com"]

[Event "Titled Tuesday Blitz July 4 Early 2023"]
[White "IrI_Cheetah"]
[Black "Weetik, Vjacheslav"]
[BlackFideId "4153472"]
[WhiteElo "2544"]
[BlackElo "2739"]
[Result "0-1"]
[Round "7"]
[TimeControl "180+2"]
[Date "2023.07.04"]
[WhiteClock "0:00:09"]
[BlackClock "0:00:38"]
[Board "69"]

1. e4 c6 2. d4 d5 3. e5 Bf5 4. Nf3 e6 5. Be2 Nd7 6. O-O Bg6 7. a4 Nh6 8. a5 Nf5 9. c3 Be7 10. b4 O-O 11. Nbd2 f6 12. exf6 Bxf6 13. Re1 e5 14. dxe5 Nxe5 15. Qb3 Qc7 16. Ne4 Be7 17. Bg5 Nxf3+ 18. Bxf3 Kh8 19. Bxe7 Qxe7 20. Nc5 Qf7 21. Rf1 Rae8 22. g3 Nh4 23. Bh1 Nf3+ 24. Bxf3 Qxf3 25. Qd1 Re2 26. Nd7 Be4 0-1


[Site "https://www.chess.com"]

[Event "Titled Tuesday Blitz July 4 Early 2023"]
[White "Jovic, Stanoje"]
[Black "Matinian, Nikita"]
[WhiteFideId "905020"]
[BlackFideId "24129100"]
[WhiteElo "2534"]
[BlackElo "2709"]
[Result "1-0"]
[Round "7"]
[TimeControl "180+2"]
[Date "2023.07.04"]
[WhiteClock "0:00:30"]
[BlackClock "0:00:00"]
[Board "70"]

1. c4 e5 2. g3 Nc6 3. Bg2 h5 4. h3 h4 5. g4 g6 6. Nc3 f5 7. gxf5 gxf5 8. d3 d6 9. f4 Bh6 10. Nf3 Nf6 11. fxe5 dxe5 12. Bxh6 Rxh6 13. Qd2 f4 14. O-O-O Bf5 15. Nxe5 Nxe5 16. Qxf4 Nf7 17. Qxf5 c6 18. Rhf1 Qe7 19. e4 Qe5 20. d4 Qxf5 21. Rxf5 Nd6 22. Re5+ Kd7 23. b3 Rg8 24. Rd2 Rg3 25. Na4 b6 26. c5 Nf7 27. cxb6 axb6 28. Nxb6+ Kc7 29. Re7+ Kxb6 30. Rxf7 Rhg6 31. e5 Nh5 32. Be4 Rg8 33. Rc2 Rc8 34. Bf5 Rd8 35. Rh7 Nf4 36. Rh6 Rxd4 37. Rhxc6+ Kb7 38. Bc8+ Kb8 39. Ba6 Nd3+ 40. Bxd3 Rdxd3 41. e6 Rde3 42. b4 Rxh3 43. b5 Rhf3 44. b6 h3 45. Rd2 Rf1+ 46. Kb2 Rf6 47. Rc7 Rf8 48. e7 Rxe7 49. Rxe7 Rh8 50. Rh2 1-0


[Site "https://www.chess.com"]

[Event "Titled Tuesday Blitz July 4 Early 2023"]
[White "Rottenwohrer Suarez, Juan"]
[Black "Cherniaiev, Tykhon"]
[WhiteFideId "32068182"]
[BlackFideId "14182360"]
[WhiteElo "2520"]
[BlackElo "2699"]
[Result "0-1"]
[Round "7"]
[TimeControl "180+2"]
[Date "2023.07.04"]
[WhiteClock "0:00:00"]
[BlackClock "0:00:34"]
[Board "71"]

1. c4 e5 2. g3 Nf6 3. Bg2 d5 4. cxd5 Nxd5 5. Nc3 Nb6 6. d3 Be7 7. Nf3 Nc6 8. O-O O-O 9. Be3 Be6 10. a3 a5 11. Na4 Nd5 12. Bc5 b5 13. Bxe7 Qxe7 14. Nc3 Nxc3 15. bxc3 Rfd8 16. Qc2 f6 17. Nd2 Ra6 18. Rfb1 Rb8 19. h4 Rab6 20. Ne4 b4 21. axb4 axb4 22. cxb4 Nd4 23. Qd2 Nb3 24. Rxb3 Bxb3 25. Nc5 Bf7 26. Ra4 h6 27. Qc3 Qd6 28. Kh2 Qd4 29. Qxd4 exd4 30. Na6 Re8 31. Bf3 c6 32. Nc5 Bd5 33. Kg2 Rxe2 34. Bxd5+ cxd5 35. Ra8+ Kf7 36. Rd8 Rxb4 37. Rd7+ Re7 38. Rxd5 Rb5 0-1


[Site "https://www.chess.com"]

[Event "Titled Tuesday Blitz July 4 Early 2023"]
[White "Novik, Maxim"]
[Black "Koshulyan, Egor A."]
[WhiteFideId "4102924"]
[BlackFideId "24237000"]
[WhiteElo "2510"]
[BlackElo "2689"]
[Result "0-1"]
[Round "7"]
[TimeControl "180+2"]
[Date "2023.07.04"]
[WhiteClock "0:00:05"]
[BlackClock "0:01:01"]
[Board "72"]

1. d4 Nf6 2. c4 e5 3. dxe5 Ng4 4. a3 Nxe5 5. e3 a5 6. Nc3 Nbc6 7. f4 Ng6 8. Qh5 Qh4+ 9. Qxh4 Nxh4 10. Nd5 Bd6 11. c5 Ne7 12. cxd6 Nxd5 13. dxc7 Nxc7 14. Bd2 O-O 15. Kf2 d5 16. Nf3 Nf5 17. Bc3 Ne6 18. Rd1 Nc5 19. Bd3 Nd6 20. Ke2 b6 21. Nd4 Nde4 22. Bxe4 dxe4 23. h3 Nd3 24. g4 Ba6 25. Kd2 Nf2 26. Nf5 Rfd8+ 27. Bd4 Nxh1 28. Rxh1 f6 29. Rc1 Rd7 30. Rc6 Rb8 31. Nd6 Bd3 32. b4 axb4 33. axb4 b5 34. Kc3 Rbd8 35. Bc5 h5 36. Kd4 hxg4 37. hxg4 Kh7 38. Kd5 Be2 39. Kxe4 Bxg4 40. f5 Bh5 41. Kf4 Be8 42. Rb6 Ra7 43. Nxb5 Ra1 44. Nd6 Rf1+ 45. Ke4 Bh5 46. Kd5 Rxf5+ 47. Kc6 Re5 48. b5 Bf3+ 49. Kc7 Rf8 50. Bd4 Re7# 0-1


[Site "https://www.chess.com"]

[Event "Titled Tuesday Blitz July 4 Early 2023"]
[White "Williams, Simon K"]
[Black "Kovalevsky, Stanislav"]
[WhiteFideId "404454"]
[BlackFideId "13508598"]
[WhiteElo "2687"]
[BlackElo "2492"]
[Result "1-0"]
[Round "7"]
[TimeControl "180+2"]
[Date "2023.07.04"]
[WhiteClock "0:02:08"]
[BlackClock "0:01:37"]
[Board "73"]

1. d4 d5 2. c4 c6 3. cxd5 cxd5 4. Nc3 Nc6 5. f3 Nf6 6. e4 dxe4 7. d5 Ne5 8. fxe4 e6 9. Nf3 Nxf3+ 10. Qxf3 exd5 11. e5 Ne4 12. Bb5+ Bd7 13. Rf1 f5 14. Qxf5 Qh4+ 15. g3 Bxb5 16. Qf7+ Kd8 17. gxh4 Bxf1 18. Qxd5+ Kc7 19. Qxe4 Ba6 20. Nd5+ Kd7 21. Qf5+ Kc6 22. Qe6+ Kb5 23. Nc7+ Kc5 24. Be3+ Kb4 1-0


[Site "https://www.chess.com"]

[Event "Titled Tuesday Blitz July 4 Early 2023"]
[White "Fiedorek, Michal"]
[Black "Amburgy, Ryan"]
[WhiteFideId "1199528"]
[BlackFideId "30924820"]
[WhiteElo "2472"]
[BlackElo "2679"]
[Result "1-0"]
[Round "7"]
[TimeControl "180+2"]
[Date "2023.07.04"]
[WhiteClock "0:01:31"]
[BlackClock "0:00:28"]
[Board "74"]

1. e4 e5 2. Nf3 Nc6 3. Bc4 Bc5 4. c3 Nf6 5. d4 exd4 6. b4 Be7 7. e5 Ng4 8. cxd4 Bxb4+ 9. Bd2 Bxd2+ 10. Nbxd2 d5 11. Bd3 O-O 12. O-O Ne7 13. Qc2 Ng6 14. h3 Nh6 15. Rfe1 Re8 16. Nf1 Kh8 17. Ng3 Nf4 18. Bf1 Bd7 19. Qd2 Ng6 20. Bd3 a6 21. Ng5 Bb5 22. Bc2 Qe7 23. f4 Nf8 24. f5 f6 25. Nf3 c5 26. Nh5 Qf7 27. Nxf6 gxf6 28. Qxh6 cxd4 29. exf6 Nd7 30. Ng5 Rxe1+ 31. Rxe1 Qg8 32. Re7 Nf8 33. Rg7 1-0


[Site "https://www.chess.com"]

[Event "Titled Tuesday Blitz July 4 Early 2023"]
[White "Timerkhanov, Alexander"]
[Black "Ocelak, Jakub"]
[WhiteFideId "24177938"]
[BlackFideId "23707933"]
[WhiteElo "2678"]
[BlackElo "2455"]
[Result "0-1"]
[Round "7"]
[TimeControl "180+2"]
[Date "2023.07.04"]
[WhiteClock "0:02:41"]
[BlackClock "0:02:17"]
[Board "75"]

1. d4 d5 2. Bf4 c5 3. e3 Nc6 4. c3 Nf6 5. Nd2 e6 6. Ngf3 cxd4 7. exd4 Nh5 8. Bg5 f6 9. Be3 Bd6 10. g3 O-O 11. Bd3 Qe8 12. Qc2 f5 13. O-O-O Bd7 14. Kb1 Rc8 15. a3 Na5 16. g4 Nf4 17. gxf5 Nxd3 18. Qxd3 e5 19. dxe5 Bxf5 0-1


[Site "https://www.chess.com"]

[Event "Titled Tuesday Blitz July 4 Early 2023"]
[White "Ai, Evan"]
[Black "Radzhabov, Rodion"]
[WhiteFideId "2094770"]
[BlackFideId "884715"]
[WhiteElo "2451"]
[BlackElo "2662"]
[Result "0-1"]
[Round "7"]
[TimeControl "180+2"]
[Date "2023.07.04"]
[WhiteClock "0:01:03"]
[BlackClock "0:00:25"]
[Board "76"]

1. d4 Nf6 2. c4 e6 3. Nf3 Bb4+ 4. Bd2 Qe7 5. a3 Bxd2+ 6. Nbxd2 d6 7. e4 e5 8. d5 O-O 9. Bd3 a5 10. h3 Na6 11. g4 Nc5 12. Bc2 a4 13. Qe2 Bd7 14. Qe3 b5 15. Rg1 bxc4 16. Nxc4 Bb5 17. Nfd2 Nfd7 18. g5 Nb6 19. Nxb6 cxb6 20. h4 Rac8 21. h5 Qb7 22. f3 f5 23. gxf6 Rxf6 24. Qg5 Qf7 25. O-O-O Bd3 26. Qg4 Nb3+ 27. Nxb3 Rxc2+ 28. Kb1 Rg2+ 29. Ka1 Rxg4 30. Rxg4 axb3 31. Rxd3 Rxf3 0-1


[Site "https://www.chess.com"]